 Dungeon Crawl Stone Soup version 0.21-a0-460-g737a915 (webtiles) character file.

615 tof the Sneak (level 7, 0/47 HPs)
             Began as an Octopode Assassin on Nov 20, 2017.
             Was an Initiate of Dithmenos.
             Slain by an ice beast (11 damage)
             ... on level 5 of the Dungeon.
             The game lasted 00:13:23 (5349 turns).

tof the Sneak (Octopode Assassin)                   Turns: 5349, Time: 00:13:24

Health: 0/47       AC:  1    Str: 10    XL:     7   Next: 45%
Magic:  7/7        EV: 14    Int: 13    God:    Dithmenos [......]
Gold:   183        SH:  0    Dex: 16    Spells: 6/6 levels left

rFire    . . .     SeeInvis .   a - +2 dagger
rCold    . . .     Gourm    .   (no shield)
rNeg     . . .     Faith    .   (helmet restricted)
rPois    .         Spirit   .   (no amulet)
rElec    .         Reflect  .   j - ring of teleportation (curse)
rCorr    .         Harm     .   (no ring)
MR       .....     Rnd*Tele +   (no ring)
Stlth    +++++.....             (no ring)
HPRegen  0.15/turn              (no ring)
MPRegen  0.10/turn              (no ring)
                                (no ring)
                                (no ring)

@: no status effects
A: almost no armour, stealthy swim, amphibious, 8 rings, constrict 8, camouflage
1, gelatinous body 1
a: Renounce Religion


You were on level 5 of the Dungeon.
You worshipped Dithmenos.
Dithmenos was noncommittal.
You were hungry.

You visited 2 branches of the dungeon, and saw 6 of its levels.

You collected 183 gold pieces.

Inventory:

Hand Weapons
 a - a +2 dagger (weapon)
 b - a +0 blowgun
 n - a +3 short sword
Missiles
 c - 29 poisoned needles
 d - 2 curare-tipped needles
 e - 9 tomahawks (quivered)
 t - a throwing net
Jewellery
 j - a cursed ring of teleportation (left tentacle)
 y - an uncursed ring of magical power {unknown}
 A - an uncursed ring of poison resistance {unknown}
Wands
 p - a wand of lightning (6)
Scrolls
 g - a scroll of enchant armour {unknown}
 i - 4 scrolls of amnesia {unknown}
 q - 4 scrolls of identify {unknown}
 s - a scroll of magic mapping {unknown}
 u - a scroll of immolation {unknown}
 v - a scroll of fog {unknown}
 x - 2 scrolls of remove curse {unknown}
Potions
 l - a potion of cancellation {unknown}
 m - a potion of mutation {unknown}
 r - 4 potions of lignification {unknown}
 w - a potion of curing {unknown}
 z - a potion of brilliance {unknown}
Comestibles
 f - 2 bread rations
 h - 3 meat rations
 k - 2 fruits
 o - a royal jelly


   Skills:
 + Level 3.7 Fighting
 * Level 4.9 Short Blades
 + Level 3.6 Throwing
 + Level 3.0 Dodging
 + Level 7.0 Stealth


You had 6 spell levels left.
You didn't know any spells.

Dungeon Overview and Level Annotations

Branches:
Dungeon (5/15)             Temple (1/1) D:5

Altars:
Ashenzari
Dithmenos
Qazlal
Ru
Sif Muna
Trog
Xom

Annotations:
D:3 mortelune's ghost, amateur GrFi


Innate Abilities, Weirdness & Mutations

You cannot wear most types of armour.
You are very stealthy in the water. (Stealth+)
You are amphibious.
You can wear up to eight rings at the same time.
You can use your tentacles to constrict eight enemies at once.
Your skin changes colour to match your surroundings (Stealth+).
Your rubbery body absorbs attacks. (AC +1, EV +1)


Message History

You barely miss the ice beast. The ice beast hits you.
The ice beast freezes you.
You hit the ice beast.
The ice beast is lightly wounded.
The ice beast hits you but does no damage.
You hit the ice beast but do no damage.
The ice beast is lightly wounded.
The ice beast closely misses you.
You hit the ice beast.
The ice beast is moderately wounded.
You hit the ice beast but do no damage. You squeeze the ice beast!
The ice beast is heavily wounded.
The ice beast hits you. The ice beast freezes you!
* * * LOW HITPOINT WARNING * * *
You hit the ice beast but do no damage. Your squeeze misses the ice beast.
The ice beast is heavily wounded.
The ice beast hits you.
* * * LOW HITPOINT WARNING * * *
The ice beast freezes you!
You die...

#...............#
#...............#
#...............#
#...............#
##..............#
#..............#
#.......########
#########.......########
........'.......@Y......
#########......######.##
# #......# #.# #
#......# ###.### #
#####..# ####### #
##.#####⌠.⌠####### #
#.)...).>.'.....# ##
#######⌠.⌠#####.# .#
####### #.# ##


You could see an ice beast.

Vanquished Creatures
  Menkaure (D:4)
  2 ogres (D:5)
  A scorpion (D:5)
  An orc priest (D:3)
  2 worker ants (D:4)
  A hound skeleton (D:4)
  Robin (D:2)
  5 adders
  2 oozes (D:3)
  A worm (D:3)
  4 dart slugs
  5 leopard geckos
  6 orcs
  3 giant cockroaches
  14 goblins
  12 hobgoblins
  13 jackals
  2 quokkas
  A ball python (D:4)
  4 bats
  5 frilled lizards
  7 kobolds
  9 rats
102 creatures vanquished.

Notes
Turn   | Place    | Note
-------+----------+-------------------------------------------
     0 | D:1      | tof the Octopode Assassin began the quest for the Orb.
     0 | D:1      | Reached XP level 1. HP: 14/14 MP: 1/1
   283 | D:1      | Reached XP level 2. HP: 19/19 MP: 2/2
   725 | D:1      | Reached XP level 3. HP: 19/25 MP: 3/3
  1012 | D:1      | Found a shattered altar of Ashenzari.
  1389 | D:2      | Noticed Robin
  1907 | D:2      | Reached XP level 4. HP: 30/30 MP: 4/4
  1926 | D:2      | Killed Robin
  2100 | D:2      | Found a deep blue altar of Sif Muna.
  2373 | D:2      | Found a shattered altar of Ashenzari.
  2373 | D:2      | Found a stormy altar of Qazlal.
  2780 | D:3      | Reached XP level 5. HP: 32/36 MP: 5/5
  2952 | D:3      | Reached skill level 6 in Stealth
  3209 | D:3      | Noticed mortelune's ghost (amateur GrFi)
  3801 | D:4      | Found a bloodstained altar of Trog.
  4074 | D:4      | Reached XP level 6. HP: 42/42 MP: 6/6
  4433 | D:4      | Noticed Menkaure
  4440 | D:4      | Killed Menkaure
  4523 | D:5      | Entered Level 5 of the Dungeon
  4599 | D:5      | Found a staircase to the Ecumenical Temple.
  4604 | Temple   | Entered the Ecumenical Temple
  4609 | Temple   | Became a worshipper of Dithmenos the Shadowed
  4679 | D:5      | Reached XP level 7. HP: 46/46 MP: 7/7
  4925 | D:5      | Reached skill level 7 in Stealth
  5349 | D:5      | Slain by an ice beast

Vault maps used:
D:1:      minmay_arrival_split_and_join, ashenzari_altar_1
D:2:      grunt_temple_overflow_open, first_bread, serial_corexii_hall,
          corexii_hall_statues_u, corexii_hall_statues_l, uniq_robin
D:4:      overflow_temple_1_default, uniq_menkaure
D:5:      temple_doors_e
Temple:   nicolae_temple_hex_pool

Skill      XL: |  1  2  3  4  5  6  7 |
---------------+----------------------+-----
Short Blades   | 3 4 |  4.9
Dodging        | 2 3 |  3.0
Stealth        | 6 7 |  7.0
Fighting       | 3 |  3.7
Throwing       | 3 |  3.6

Action                   |  1- 3 |  4- 6 |  7- 9 || total
-------------------------+-------+-------+-------++-------
Melee: Dagger            |    65 |    16 |    18 ||    99
       Constrict         |    13 |    24 |     1 ||    38
       Tentacles         |    11 |    22 |     4 ||    37
       Short sword       |       |    87 |       ||    87
 Fire: Blowgun           |    12 |     3 |     8 ||    23
Throw: Tomahawk          |    21 |    30 |       ||    51
 Stab: Sleeping          |    11 |    12 |       ||    23
  Eat: Chunk             |     3 |     8 |     2 ||    13
Armor: Skin              |     6 |     1 |     1 ||     8
Dodge: Dodged            |    31 |    50 |    22 ||   103

Table legend:
 A = Spawn XP
 B = Non-spawn XP
 C = Spawn XP percentage of total XP
 D = Spawn monster count
 E = Non-spawn monster count
 F = Spawn count percentage of total count
 G = Total turns spent on level
                    A         B        C        D         E        F      G
               +---------+---------+-------+---------+---------+-------+---------
         Total |       0 |     879 |   0.0 |       0 |     102 |   0.0 |  5349
               +---------+---------+-------+---------+---------+-------+---------
           D:1 |       0 |      51 |   0.0 |       0 |      27 |   0.0 |  1469
           D:2 |       0 |      82 |   0.0 |       0 |      24 |   0.0 |  1173
           D:3 |       0 |     138 |   0.0 |       0 |      32 |   0.0 |  1120
           D:4 |       0 |     265 |   0.0 |       0 |       9 |   0.0 |   763
           D:5 |       0 |     343 |   0.0 |       0 |      10 |   0.0 |   815
               +---------+---------+-------+---------+---------+-------+---------
